 Dungeon Crawl Stone Soup version 0.29.1-15-g9cfb28693d (webtiles) character file.

Game seed: 11000705516834854332

12530 javelincjr the Summoner (level 11, -3/84 HPs)
             Began as a Gnoll Summoner on Apr 17, 2023.
             Was a High Priest of Fedhas.
             Slain by a gnoll
             ... wielding a +0 halberd
             ... led by a gnoll sergeant
              (5 damage)
             ... on level 11 of the Dungeon.
             The game lasted 01:10:33 (12545 turns).

javelincjr the Summoner (Gnoll Summoner)           Turns: 12545, Time: 01:10:33

Health: -3/84      AC: 14    Str:  9    XL:     11   Next: 94%
Magic:  9/32       EV: 13    Int: 18    God:    Fedhas [*****.]
Gold:   667        SH: 10    Dex: 14    Spells: 15/27 levels left

rFire   + . .      SeeInvis .   I - +9 hand axe of Kismet {vorpal, rN+ Dex+2}
rCold   . . .      Faith    +   U - +0 kite shield
rNeg    + . .      Spirit   .   G - +1 leather armour {rF+}
rPois   .          Reflect  .   (no helmet)
rElec   .          Harm     .   F - +0 cloak
rCorr   .          Rampage  .   D - +2 pair of gloves
Will    .....                   A - +0 pair of boots
Stlth   ++++......              E - amulet of faith
HPRegen 0.24/turn               r - +4 ring of protection
MPRegen 0.23/turn               v - ring of magical power

@: no status effects
A: fangs 1, strong nose, distributed training
a: Renounce Religion, Wall of Briars, Grow Ballistomycete, Overgrow, Grow Oklob


You were on level 11 of the Dungeon.
You worshipped Fedhas.
Fedhas was extremely pleased with you.
You visited 2 branches of the dungeon, and saw 12 of its levels.

You collected 667 gold pieces.

Inventory:

Hand Weapons
 c - a +0 dagger
 f - a +0 dagger of flaming
 k - a +0 spear
 u - a +0 dagger of draining
 y - the +10 dark maul {vorpal}
   (You found it on level 10 of the Dungeon)

   It inflicts extra damage upon your enemies.
 I - the +9 hand axe of Kismet (weapon) {vorpal, rN+ Dex+2}
   (You found it on level 5 of the Dungeon)

   It inflicts extra damage upon your enemies.
   Dex:       It affects your dexterity (+2).
   rN:        It protects you from negative energy.
 R - a +4 vorpal spear
 V - the +7 war axe of Odauc {venom, SInv}
   (You found it on level 9 of the Dungeon)

   It poisons the flesh of those it strikes.
   SInv:      It lets you see invisible.
Missiles
 K - 2 throwing nets
Armour
 a - a +0 robe
 A - a +0 pair of boots (worn)
 D - a +2 pair of gloves (worn)
 F - a +0 cloak (worn)
 G - a +1 leather armour of fire resistance (worn)
 Q - a +2 robe of cold resistance
 U - a +0 kite shield (worn)
Magical Staves
 h - a staff of cold
 M - a staff of earth
 Z - a staff of death
Jewellery
 e - an amulet of the acrobat
 p - a +4 ring of slaying
 r - a +4 ring of protection (left hand)
 v - a ring of magical power (right hand)
 x - an amulet of regeneration
 E - an amulet of faith (around neck)
 X - a +4 ring of protection
Wands
 t - a wand of paralysis (3)
 B - a wand of flame (19)
 N - a wand of polymorph (9)
 S - a wand of roots (14)
 T - a wand of digging (1)
 Y - a wand of light (5)
Scrolls
 i - 3 scrolls of noise
 l - 3 scrolls of magic mapping
 o - a scroll of blinking
 q - a scroll of vulnerability
 s - 4 scrolls of teleportation
 w - 2 scrolls of amnesia
 L - 3 scrolls of immolation
Potions
 b - 2 potions of magic
 d - 3 potions of lignification
 g - 7 potions of curing
 j - 4 potions of brilliance
 m - 2 potions of invisibility {unknown}
 n - 2 potions of berserk rage {unknown}
 z - a potion of degeneration {unknown}
 C - 2 potions of attraction {unknown}
 H - a potion of flight {unknown}
 J - 4 potions of haste
 O - 2 potions of mutation {unknown}
 P - 2 potions of ambrosia {unknown}
 W - a potion of might {unknown}


   Skills:
 + Level 7.0 Fighting
 + Level 7.0 Short Blades
 + Level 7.0 Long Blades
 + Level 7.0 Axes
 + Level 7.0 Maces & Flails
 + Level 7.0 Polearms
 + Level 7.0 Staves
 + Level 7.0 Ranged Weapons
 + Level 7.0 Throwing
 + Level 7.0 Armour
 + Level 8.5 Dodging
 + Level 8.2 Stealth
 + Level 7.0 Shields
 + Level 7.0 Unarmed Combat
 + Level 8.7 Spellcasting
 + Level 5.8 Conjurations
 + Level 5.8 Hexes
 + Level 9.3 Summonings
 + Level 5.8 Necromancy
 + Level 5.8 Translocations
 + Level 5.8 Transmutations
 + Level 5.8 Fire Magic
 + Level 5.8 Ice Magic
 + Level 5.8 Air Magic
 + Level 5.8 Earth Magic
 + Level 5.8 Poison Magic
 + Level 7.7 Invocations
 + Level 7.0 Evocations


You had 15 spell levels left.
You knew the following spells:

 Your Spells              Type           Power      Damage    Failure   Level
b - Call Imp              Summ           41%        N/A       1%          2
c - Call Canine Familiar  Summ           41%        N/A       1%          3
d - Summon Guardian Gole  Hex/Summ       35%        N/A       4%          3
e - Blink                 Tloc           56%        N/A       4%          2
f - Poisonous Vapours     Pois/Air       56%        N/A       4%          2

Your spell library contained the following spells:

 Spells                   Type           Power      Damage    Failure   Level
 Summon Small Mammal      Summ           100%       N/A       1%          1
 Sting                    Tmut/Pois      100%       1d8       2%          1
 Static Discharge         Conj/Air       28%        3-7/arc   4%          2
 Lesser Beckoning         Tloc           28%        N/A       9%          3
 Animate Armour           Summ/Erth      70%        N/A       14%         4
 Summon Lightning Spire   Summ/Air       35%        N/A       14%         4
 Dispel Undead            Necr           28%        3d13      28%         4
 Leda's Liquefaction      Hex/Erth       14%        N/A       28%         4
 Olgreb's Toxic Radiance  Pois           28%        N/A       28%         4
 Sticky Flame             Conj/Fire      28%        2d5       28%         4
 Blade Hands              Tmut           14%        N/A       61%         5
 Lee's Rapid Deconstruct  Erth           14%        3d10*     61%         5
 Manifold Assault         Tloc           28%        N/A       61%         5
 Iron Shot                Conj/Erth      14%        9d4       99%         6
 Statue Form              Tmut/Erth      18%        N/A       99%         6


Dungeon Overview and Level Annotations

Branches:
Dungeon (11/15)            Temple (1/1) D:4            Lair (0/5) D:8
    Orc: D:9-12

Altars:
Ashenzari
Cheibriados
Dithmenos
Elyvilon
Fedhas
Gozag
Hepliaklqana
Kikubaaqudgha
Makhleb
Nemelex Xobeh
Okawaru
Qazlal
Ru
Sif Muna
Trog
Uskayaw
Vehumet
Wu Jian
Xom
Yredelemnul
Zin
The Shining One


Innate Abilities, Weirdness & Mutations

You have very sharp teeth.
Your uncanny sense of smell can sniff out nearby items.
Your experience applies equally to all skills.


Message History

Your guardian golem explodes!
The fiery explosion engulfs your wolf!!
The fiery explosion engulfs something!!
Reactivating autopickup.
The rakshasa hits you but does no damage.
You hear a shout! x3; You hear a bellow!
You closely miss the rakshasa.
The rakshasa is moderately wounded.
You hear a bellow!
Your wolf is engulfed in blazing flames. x2
The rakshasa hits you with a +0 long sword.
You closely miss the rakshasa.
The rakshasa is moderately wounded.
Your wolf is engulfed in blazing flames.
Your wolf dies!
Your wolf's corpse disappears in a puff of smoke!
The rakshasa gestures at you. The lance of force hits you!
You are knocked back by the lance of force.
You collide with something!
* * * LOW HITPOINT WARNING * * *
You block something's attack.
Deactivating autopickup; reactivate with Ctrl-A.
Something bites you.
* * * LOW HITPOINT WARNING * * *
You barely miss something. Something hits you.
* * * LOW HITPOINT WARNING * * *
Something bites you but does no damage.
Okay, then.
Aiming: Overgrow
Press: ? - help, Dir - move target The rock wall is torn apart as a burning bush grows in its place.
The rock wall is torn apart as a wandering mushroom grows in its place.
The rock wall is torn apart as a burning bush grows in its place.
A gnoll sergeant, 4 gnolls and a yak come into view.
The gnoll sergeant is wielding a +4 trident of venom.
A gnoll is wielding a +1 halberd of flaming.
The gnoll sergeant shouts!
You hear a bellow! x2
You block the gnoll's attack. The gnoll hits you but does no damage.
The gnoll hits you from afar with a +0 halberd.
You die...
Fedhas appreciates your contribution to the ecosystem.

∆##################
#.................
#.###############.
#.# Y #. #.#g# #.
#R#g# #. #§Pg# #.
#@f.# #. #.Pg# #.
#.#g# #. #.#.# ##
##########.# . .
.........#.# ## #
########.#h# #
###########†#.######
#######
.........hh..h.......
.......


You could see a rakshasa, a yak, a gnoll sergeant, a howler monkey, 4 gnolls, a
friendly wandering mushroom (summoned, wandering) and 2 friendly burning bushes.

Vanquished Creatures
  A catoblepas (D:10)
  2 two-headed ogres (D:10)
  Pikel (D:8)
  A gargoyle (D:10)
  A shadow (D:8)
  A wraith (D:9)
  2 wyverns
  A yak (D:11)
  A basilisk (D:10)
  2 vampire mosquitoes (D:11)
  An acid dragon (D:11)
  A water moccasin (D:8)
  An orc warrior (D:9)
  A black bear (D:5)
  An ice beast (D:7)
  A sky beast (D:6)
  2 ogres
  2 centaurs
  2 kobold brigands
  2 bullfrogs (D:6)
  A gnoll sergeant (D:8)
  2 necrophages (D:7)
  A scorpion (D:6)
  2 wights (D:8)
  2 hounds (D:5)
  2 orc priests (D:9)
  2 gnoll boudas
  4 orc wizards
  Natasha (thrice) (D:3)
  6 gnolls
  3 adders
  2 white imps
  An ufetubus (D:6)
  13 orcs
  7 bats
  2 giant cockroaches
  A goblin (D:2)
  3 hobgoblins
  8 kobolds
  A quokka (D:3)
  4 ball pythons
  A frilled lizard (D:2)
  3 rats
101 creatures vanquished.

Vanquished Creatures (collateral kills)
  A hydra (D:11)
  The ghost of Danienth the Basher, a novice MiBe of Trog (D:6)
  A troll (D:11)
  A wyvern (D:8)
  A vampire (D:11)
  A vampire mosquito (D:11)
  A water moccasin (D:4)
  An orc warrior (D:11)
  An ice beast (D:7)
  3 centaurs
  A lemure (D:8)
  3 bullfrogs
  3 scorpions
  2 necrophages
  2 wights (D:8)
  A vampire bat (D:8)
  A howler monkey (D:5)
  4 hounds
  2 jellies (D:5)
  2 orc priests
  Jessica (D:3)
  4 orc wizards
  3 gnolls
  3 adders
  A river rat (D:6)
  A white imp (D:5)
  3 worms
  5 dart slugs
  19 orcs
  7 bats
  6 endoplasms
  5 giant cockroaches
  4 goblins
  7 hobgoblins
  4 jackals (D:4)
  11 kobolds
  3 quokkas
  4 ball pythons
  A frilled lizard (D:2)
  A rat (D:1)
126 creatures vanquished.

Vanquished Creatures (others)
  A boulder beetle (D:10)
  A centaur warrior (D:11)
  2 two-headed ogres
  3 yaks (D:11)
  A basilisk (D:10)
  2 orc warriors (D:8)
  A lemure (D:8)
  A bullfrog (D:8)
  5 wights (D:8)
  4 gnolls
  2 orcs
23 creatures vanquished.

Grand Total: 250 creatures vanquished

Notes
Turn   | Place    | Note
-------+----------+-------------------------------------------
     0 | D:1      | javelincjr the Gnoll Summoner began the quest for the Orb.
     0 | D:1      | Reached XP level 1. HP: 13/13 MP: 6/6
    64 | D:1      | Reached XP level 2. HP: 16/19 MP: 7/7
    67 | D:1      | Learned a level 2 spell: Call Imp
   811 | D:1      | Reached skill level 5 in Spellcasting
   811 | D:1      | Reached XP level 3. HP: 17/25 MP: 5/9
  1131 | D:1      | Learned a level 3 spell: Call Canine Familiar
  1371 | D:2      | You fall into a shaft and drop 2 floors!
  1417 | D:4      | Reached skill level 1 in Invocations
  1609 | D:4      | Found a staircase to the Ecumenical Temple.
  1617 | Temple   | Entered the Ecumenical Temple
  1876 | D:4      | Reached skill level 1 in Fighting
  1876 | D:4      | Reached skill level 1 in Short Blades
  1876 | D:4      | Reached skill level 1 in Long Blades
  1876 | D:4      | Reached skill level 1 in Axes
  1876 | D:4      | Reached skill level 1 in Maces & Flails
  1876 | D:4      | Reached skill level 1 in Polearms
  1876 | D:4      | Reached skill level 1 in Staves
  1876 | D:4      | Reached skill level 1 in Ranged Weapons
  1876 | D:4      | Reached skill level 1 in Throwing
  1876 | D:4      | Reached skill level 1 in Armour
  1876 | D:4      | Reached skill level 1 in Shields
  1876 | D:4      | Reached skill level 1 in Unarmed Combat
  1876 | D:4      | Reached skill level 1 in Evocations
  1876 | D:4      | Reached XP level 4. HP: 23/32 MP: 6/11
  2242 | D:2      | Found a stormy altar of Qazlal.
  2358 | D:2      | Reached skill level 1 in Conjurations
  2358 | D:2      | Reached skill level 1 in Hexes
  2358 | D:2      | Reached skill level 1 in Necromancy
  2358 | D:2      | Reached skill level 1 in Translocations
  2358 | D:2      | Reached skill level 1 in Transmutations
  2358 | D:2      | Reached skill level 1 in Fire Magic
  2358 | D:2      | Reached skill level 1 in Ice Magic
  2358 | D:2      | Reached skill level 1 in Air Magic
  2358 | D:2      | Reached skill level 1 in Earth Magic
  2358 | D:2      | Reached skill level 1 in Poison Magic
  2719 | D:2      | Reached XP level 5. HP: 37/37 MP: 6/12
  3070 | D:2      | Found a faded altar of an unknown god.
  3074 | D:2      | Prayed at the altar of an unknown god.
  3074 | D:2      | Became a worshipper of Fedhas Madash
  3074 | D:2      | Reached * piety under Fedhas
  3654 | D:3      | Noticed Natasha
  3673 | D:3      | Killed Natasha
  3778 | D:3      | Reached XP level 6. HP: 44/44 MP: 13/13
  3817 | D:3      | Noticed Natasha
  3827 | D:3      | Killed Natasha
  4070 | D:3      | Noticed Jessica
  4076 | D:3      | Learned a level 3 spell: Summon Guardian Golem
  4077 | D:3      | Killed Jessica
  4078 | D:3      | Reached skill level 5 in Dodging
  4079 | D:3      | Learned a level 2 spell: Blink
  4191 | D:3      | Reached ** piety under Fedhas
  4199 | D:3      | Noticed Natasha
  4214 | D:3      | Killed Natasha
  4949 | D:4      | Noticed a water moccasin
  4969 | D:4      | Reached XP level 7. HP: 46/51 MP: 15/15
  5154 | D:4      | Reached skill level 5 in Stealth
  5285 | D:5      | Entered Level 5 of the Dungeon
  5378 | D:5      | Reached XP level 8. HP: 58/58 MP: 16/16
  5580 | D:5      | Reached *** piety under Fedhas
  5857 | D:5      | Found a shimmering altar of Xom.
  5866 | D:5      | Identified the +9 hand axe of Kismet {vorpal, rN+ Dex+2}
  6313 | D:6      | Found a shadowy altar of Dithmenos.
  6499 | D:6      | Found an ornate altar of the Wu Jian Council.
  6558 | D:6      | Found a runed translucent door.
  6563 | D:6      | Noticed Danienth's ghost (novice MiBe)
  6592 | D:6      | Found a runed translucent door.
  6875 | D:6      | Found a sparkling altar of Nemelex Xobeh.
  6950 | D:6      | Reached XP level 9. HP: 63/65 MP: 18/18
  7110 | D:6      | Killed Danienth's ghost
  7111 | D:6      | Reached skill level 8 in Summonings
  7585 | D:7      | Reached skill level 5 in Invocations
  7961 | D:7      | Reached **** piety under Fedhas
  8509 | D:8      | Reached skill level 5 in Fighting
  8509 | D:8      | Reached skill level 5 in Short Blades
  8509 | D:8      | Reached skill level 5 in Long Blades
  8509 | D:8      | Reached skill level 5 in Axes
  8509 | D:8      | Reached skill level 5 in Maces & Flails
  8509 | D:8      | Reached skill level 5 in Polearms
  8509 | D:8      | Reached skill level 5 in Staves
  8509 | D:8      | Reached skill level 5 in Ranged Weapons
  8509 | D:8      | Reached skill level 5 in Throwing
  8509 | D:8      | Reached skill level 5 in Armour
  8509 | D:8      | Reached skill level 5 in Shields
  8509 | D:8      | Reached skill level 5 in Unarmed Combat
  8509 | D:8      | Reached skill level 5 in Evocations
  8509 | D:8      | Reached XP level 10. HP: 74/74 MP: 20/20
  8536 | D:8      | Noticed Pikel
  8546 | D:8      | Killed Pikel
  8569 | D:8      | Reached ***** piety under Fedhas
  8855 | D:8      | Found a snail-covered altar of Cheibriados.
  8857 | D:8      | Found an ancient bone altar of Kikubaaqudgha.
  8857 | D:8      | Found a white marble altar of Elyvilon.
  8941 | D:8      | Identified the +8 rapier of the Hierophant {holy, Will+}
  8962 | D:8      | Found a staircase to the Lair.
  9043 | D:8      | Found a glowing silver altar of Zin.
  9059 | D:8      | Noticed a two-headed ogre
  9078 | D:8      | Killed a two-headed ogre
  9164 | D:8      | Found an opulent altar of Gozag.
  9529 | D:8      | Found a glowing golden altar of the Shining One.
 10028 | D:9      | Identified the +7 war axe of Odauc {venom, SInv}
 10641 | D:9      | Found a shimmering blue altar of Sif Muna.
 10736 | D:10     | Entered Level 10 of the Dungeon
 10742 | D:10     | Noticed a two-headed ogre
 10742 | D:10     | Noticed a two-headed ogre
 10743 | D:10     | Noticed a catoblepas
 10745 | D:10     | Noticed a boulder beetle
 10767 | D:10     | Noticed a gargoyle
 10771 | D:10     | Learned a level 2 spell: Poisonous Vapours
 10856 | D:10     | Killed a catoblepas
 10857 | D:10     | Reached skill level 5 in Conjurations
 10857 | D:10     | Reached skill level 5 in Hexes
 10857 | D:10     | Reached skill level 5 in Necromancy
 10857 | D:10     | Reached skill level 5 in Translocations
 10857 | D:10     | Reached skill level 5 in Transmutations
 10857 | D:10     | Reached skill level 5 in Fire Magic
 10857 | D:10     | Reached skill level 5 in Ice Magic
 10857 | D:10     | Reached skill level 5 in Air Magic
 10857 | D:10     | Reached skill level 5 in Earth Magic
 10857 | D:10     | Reached skill level 5 in Poison Magic
 10857 | D:10     | Reached XP level 11. HP: 58/81 MP: 21/23
 10861 | D:10     | Noticed a two-headed ogre
 10874 | D:10     | Killed a two-headed ogre
 10989 | D:10     | Killed a two-headed ogre
 10990 | D:10     | Reached skill level 9 in Summonings
 11003 | D:10     | Killed a two-headed ogre
 11046 | D:10     | Killed a boulder beetle
 11377 | D:10     | Found the +10 dark maul {vorpal}
 12085 | D:11     | Noticed a five-headed hydra
 12102 | D:11     | Killed a nine-headed hydra
 12451 | D:11     | Noticed a centaur warrior
 12464 | D:11     | Noticed a cyclops
 12469 | D:11     | Killed a centaur warrior
 12482 | D:11     | Noticed a rakshasa
 12544 | D:11     | HP: 2/84 [something (5)]
 12545 | D:11     | Slain by a gnoll

Illustrated notes

Levels and vault maps discovered:
D:1:      lightli_arrival_boilingwater, layout_basic
D:2:      layout_basic, basic_altar, shapermc_ecumenical_altar_mp_vishouse
D:3:      layout_rooms, chequers_serial_rivers_room_b, minmay_misc_feat_x,
          chequers_serial_rivers_small_b, kennysheep_generic_room_11,
          uniq_jessica, uniq_natasha
D:4:      layout_basic, minmay_temple_entry_trees, minmay_divided_ellipse
D:5:      layout_basic, mainiacjoe_overflow_chevrons
D:6:      layout_loops_ring, nicolae_wu_jian_glorious_leap,
          nemelex_diamond_rough_becter, marbit_many_paths, ebering_ghost_sewer_f
D:7:      layout_loops_ring
D:8:      layout_basic, pdpol_temple_overflow_zin_treasury_gozag_greed,
          nicolae_tso_carved_into_rock, grunt_temple_overflow_diamond,
          lair_entry_dummy, roderic_batcave, uniq_pikel
D:9:      layout_big_octagon, lemuel_tele_altar
D:10:     minmay_roctagon, layout_basic
D:11:     minmay_the_grid_square_5x5_5x5
          [minmay_the_grid_square_5x5_pentomino_r,
          minmay_the_grid_square_5x5_half_checkered,
          minmay_the_grid_square_5x5_shuriken,
          minmay_the_grid_square_5x5_minibox,
          minmay_the_grid_square_5x5_checkered,
          minmay_the_grid_square_5x5_checkered_statues,
          minmay_the_grid_square_5x5_prize_junk,
          minmay_the_grid_square_5x5_eight_small,
          minmay_the_grid_square_5x5_prize_deathbox,
          minmay_the_grid_square_5x5_one_wall, minmay_the_grid_square_5x5_bite,
          minmay_the_grid_square_5x5_tie,
          minmay_the_grid_square_5x5_prize_snowflake,
          minmay_the_grid_square_5x5_two_small, minmay_the_grid_square_5x5_mess,
          minmay_the_grid_square_5x5_inset,
          minmay_the_grid_square_5x5_prize_gold,
          minmay_the_grid_square_5x5_spiral,
          minmay_the_grid_square_5x5_prize_waves,
          minmay_the_grid_square_5x5_checkered_sparse,
          minmay_the_grid_square_5x5_shrine1, minmay_the_grid_square_5x5_comb,
          minmay_the_grid_square_5x5_percent, minmay_the_grid_square_5x5_three,
          minmay_the_grid_square_5x5_two], layout_basic, serial_glass,
          glass_columns_b, glass_columns_c
Temple:   minmay_temple_curvy_loop

Skill      XL: |  1  2  3  4  5  6  7  8  9 10 11 |
---------------+----------------------------------+-----
Spellcasting   | 5 6 7 8 |  8.7
Invocations    | 1 2 3 4 5 6 7 |  7.7
Fighting       | 1 2 3 5 6 7 |  7.0
Short Blades   | 1 2 3 5 6 7 |  7.0
Long Blades    | 1 2 3 5 6 7 |  7.0
Axes           | 1 2 3 5 6 7 |  7.0
Maces & Flails | 1 2 3 5 6 7 |  7.0
Polearms       | 1 2 3 5 6 7 |  7.0
Staves         | 1 2 3 5 6 7 |  7.0
Ranged Weapons | 1 2 3 5 6 7 |  7.0
Throwing       | 1 2 3 5 6 7 |  7.0
Armour         | 1 2 3 5 6 7 |  7.0
Shields        | 1 2 3 5 6 7 |  7.0
Unarmed Combat | 1 2 3 5 6 7 |  7.0
Evocations     | 1 2 3 5 6 7 |  7.0
Conjurations   | 1 2 3 4 5 |  5.8
Hexes          | 1 2 3 4 5 |  5.8
Necromancy     | 1 2 3 4 5 |  5.8
Translocations | 1 2 3 4 5 |  5.8
Transmutations | 1 2 3 4 5 |  5.8
Fire Magic     | 1 2 3 4 5 |  5.8
Ice Magic      | 1 2 3 4 5 |  5.8
Air Magic      | 1 2 3 4 5 |  5.8
Earth Magic    | 1 2 3 4 5 |  5.8
Poison Magic   | 1 2 3 4 5 |  5.8
Dodging        | 5 6 7 8 |  8.5
Stealth        | 5 6 7 8 |  8.2
Summonings     | 8 9 |  9.3

Action                   |  1- 3 |  4- 6 |  7- 9 | 10-12 || total
-------------------------+-------+-------+-------+-------++-------
Melee: Dagger            |    35 |    57 |    27 |       ||   119
       Unarmed           |     3 |       |       |       ||     3
       Bite              |     2 |     7 |    12 |    29 ||    50
       Punch             |     1 |       |     1 |     4 ||     6
       Spear             |    12 |     6 |       |       ||    18
       Hand axe          |       |       |   106 |   145 ||   251
       War axe           |       |       |       |     5 ||     5
 Cast: Summon Small Mamm |    22 |    12 |     9 |     4 ||    47
       Call Imp          |    12 |    16 |    25 |    29 ||    82
       Call Canine Famil |     4 |    20 |    30 |    34 ||    88
       Summon Guardian G |       |     3 |    10 |    30 ||    43
       Poisonous Vapours |       |       |       |     4 ||     4
Invok: Wall of Briars    |       |       |     1 |       ||     1
       Overgrow          |       |       |       |     2 ||     2
  Use: Scroll            |     2 |       |     2 |    11 ||    15
 Stab: Sleeping          |     1 |     6 |     5 |     2 ||    14
       Distracted        |     1 |       |     3 |     5 ||     9
       Petrified         |       |       |       |     1 ||     1
Armor: Robe              |    14 |    15 |    10 |       ||    39
       Skin              |       |       |    37 |    19 ||    56
       Leather armour    |       |       |       |    43 ||    43
Dodge: Dodged            |    42 |    51 |   112 |   103 ||   308
Block: Kite shield       |       |       |       |    61 ||    61
